Map: Void Launch

Players

Araon

  • Race: Zerg Zerg

TrucEtrange

  • Race: Protoss Protoss

VOD

Have the link to the VOD?

Description

Time

  • Played on: Feb. 7, 2023, 1:32 p.m.
  • Length: 25:30
Show
View Real Time Build Order
Export as new Build Order

Araon Zerg 

Build Orders:  

Get SALT Encoding   

  1  0:00  Drone x12, Overlord, Hive  
    0:29  Drone x2  
  6  0:37  Drone x2  
  7  0:47  Drone x2  
  8  0:58  Extractor  
  8  0:59  Drone x2  
  8  1:08  Drone x2  
  10  1:38  Extractor  
  10  1:45  Drone x2, Spawning Pool  
  10  2:18  Baneling Nest  
  10  2:20  Drone x6  
  13  2:32  Lair  
  19  3:00  Overlord x2  
  14  3:13  Overlord  
  18  3:31  Swarmling x8  
  18  3:32  Swarmling x4  
  32  4:13  Drone x2  
  32  4:14  Drone x2  
  38  4:27  Drone x2, Scourge Nest  
  38  4:29  Overlord x3  
  37  4:30  Evolution Chamber  
  37  4:31  Evolution Chamber  
  40  5:12  Swarmling x4  
  40  5:13  Swarmling x16  
  58  5:31  Drone x4  
  60  5:41  Scourge  
  60  5:48  Scourge x2  
  61  5:50  Scourge  
  61  6:00  Hatchery x2  
  61  6:02  Extractor  
  61  6:05  Extractor  
  61  6:10  Scourge  
  61  6:13  Scourge  
  61  6:26  Scourge x2  
  61  6:48  Scourge x4  
  61  7:05  Scourge x4  
  67  7:12  Drone x8  
  67  7:14  Hatchery  
  67  7:16  Hatchery  
  67  7:17  Overlord  
  73  7:31  Scourge x4  
  73  7:48  Scourge x4  
  80  8:05  Scourge x4  
  82  8:16  Centrifugal Hooks  
  82  8:19  Zerg Ground Armor Level 1  
  76  8:22  Scourge x4  
  76  8:26  Hive  
  70  8:34  Drone x2  
  70  8:35  Drone x2  
  70  8:39  Scourge x4  
  74  8:46  Rupture  
  74  8:47  Zerg Flyer Weapons Level 1  
  77  8:50  Drone x8  
  77  8:51  Drone x8  
  77  8:52  Drone x6  
  77  8:53  Overlord x3  
  90  9:06  Scourge x4  
  93  9:10  Metabolic Boost  
  93  9:11  Simplified Genome, Corrosive Acid  
  93  9:17  Virulent Spores  
  99  9:21  Adrenal Overload  
  99  9:23  Scourge x4  
  101  9:40  Scourge x4  
  99  9:52  Scourge x4  
  99  9:56  Scourge x4  
  99  9:59  Scourge x4  
  99  10:00  Shredding Claws  
  99  10:02  Scourge  
  99  10:05  Scourge  
  99  10:07  Scourge x4  
  111  10:10  Unknown, Scourge  
  111  10:11  Unknown, Scourge  
  111  10:12  Scourge x2  
  118  10:25  Swarmling x4  
  118  10:26  Scourge x4, Swarmling x4  
  118  10:27  Overlord, Scourge x3  
  118  10:28  Overlord, Scourge x9  
  98  10:43  Scourge x4  
  98  10:46  Scourge x6  
  98  10:47  Scourge x30  
  109  11:00  Scourge x4  
  109  11:02  Zerg Ground Armor Level 2  
  108  11:17  Scourge x4  
  110  11:22  Hardened Carapace  
  110  11:29  Swarmling x20  
  123  11:30  Swarmling x16  
  123  11:34  Scourge x4  
  118  11:43  Overlord x3  
  118  11:44  Overlord x2, Swarmling x4  
  118  11:45  Swarmling x8  
  108  11:51  Scourge x4  
  99  12:08  Scourge x2, Zerg Flyer Weapons Level 2  
  99  12:09  Scourge x2  
  107  12:26  Scourge x4  
  106  12:37  Swarmling x20  
  106  12:38  Swarmling x24  
  134  12:43  Scourge x4  
  134  12:45  Queen  
  134  12:46  Swarmling x4  
  134  12:47  Swarmling x12  
  140  12:55  Zerg Ground Armor Level 3  
  147  13:00  Scourge  
  147  13:02  Scourge  
  147  13:03  Scourge x2  
  147  13:05  Scourge x3  
  147  13:06  Scourge x6  
  149  13:17  Scourge x4  
  149  13:25  Scourge x3  
  149  13:26  Scourge x12  
  149  13:27  Scourge x12  
  148  13:34  Scourge x4  
  149  13:49  Scourge x3  
  149  13:51  Scourge x2  
  149  13:53  Scourge x2  
  149  13:58  Scourge  
  149  13:59  Scourge  
  149  14:00  Scourge  
  149  14:01  Scourge  
  149  14:02  Scourge x3  
  149  14:03  Scourge  
  149  14:05  Scourge x2  
  149  14:06  Scourge  
  149  14:07  Scourge  
  149  14:09  Scourge x4  
  149  14:11  Unknown  
  149  14:12  Scourge  
  149  14:13  Scourge  
  149  14:14  Scourge  
  149  14:15  Scourge  
  150  14:24  Scourge x4  
  126  14:40  Swarmling x4  
  126  14:41  Scourge x3, Swarmling x24  
  126  14:42  Scourge, Swarmling x20  
  141  14:55  Scourge x21  
  141  14:56  Scourge x6, Swarmling x4  
  141  14:58  Scourge  
  141  14:59  Scourge x3  
  142  15:16  Scourge x4  
  146  15:33  Scourge x4  
  144  15:50  Scourge  
  144  15:53  Scourge  
  144  15:55  Zerg Flyer Weapons Level 3  
  145  16:01  Swarmling x4  
  145  16:02  Swarmling x4  
  150  16:11  Scourge  
  150  16:12  Scourge  
  150  16:13  Scourge  
  150  16:15  Scourge  
  150  16:28  Scourge x4  
  149  16:31  Unknown  
  129  16:45  Scourge x4, Swarmling x4  
  129  16:46  Swarmling x20  
  122  17:02  Scourge x2  
  122  17:03  Scourge x2  
  122  17:09  Swarmling x4  
  103  17:10  Swarmling x24  
  103  17:11  Swarmling x20  
  105  17:20  Scourge x4  
  86  17:37  Scourge x4  
  74  17:46  Swarmling x4  
  74  17:47  Swarmling x52  
  93  17:54  Scourge x4  
  84  18:11  Scourge x4  
  84  18:15  Swarmling x4  
  84  18:16  Hatchery, Scourge x4, Swarmling x36  
  84  18:18  Hatchery  
  84  18:19  Scourge x2  
  111  18:20  Scourge x2  
  107  18:23  Scourge x4  
  107  18:26  Scourge x4  
  107  18:28  Hatchery  
  113  18:30  Scourge x4  
  113  18:34  Scourge x3  
  113  18:35  Scourge  
  125  18:47  Scourge x3  
  125  18:48  Scourge x33  
  148  19:05  Scourge  
  148  19:06  Scourge x2  
  148  19:07  Scourge  
  147  19:23  Scourge x2  
  147  19:25  Scourge  
  147  19:28  Scourge  
  143  19:34  Swarmling x4  
  143  19:35  Swarmling x12  
  149  19:40  Scourge x4  
  134  19:57  Scourge x4  
  128  20:14  Scourge x4  
  128  20:17  Scourge x3  
  128  20:18  Scourge x21  
  124  20:31  Scourge x4  
  117  20:48  Scourge x4  
  102  21:05  Scourge x2  
  102  21:06  Scourge x2  
  128  21:10  Scourge x15, Swarmling x12  
  97  21:11  Scourge x30, Swarmling x28  
  127  21:23  Scourge x4  
  119  21:35  Overseer x3  
  119  21:40  Scourge x4  
  122  21:57  Scourge x4  
  121  22:14  Scourge x4  
  106  22:20  Scourge x4, Swarmling x4  
  106  22:21  Scourge x42, Swarmling x36  
  106  22:24  Scourge x4  
  106  22:25  Scourge x6  
  106  22:26  Scourge x12  
  106  22:27  Scourge x2  
  106  22:29  Unknown  
  130  22:31  Scourge  
  130  22:35  Scourge  
  130  22:36  Swarmling x12  
  130  22:37  Swarmling x44  
  149  22:51  Scourge  
  149  22:54  Scourge  
  149  22:56  Scourge  
  149  22:59  Scourge  
  149  23:11  Scourge x2  
  149  23:12  Scourge  
  149  23:13  Scourge  
  149  23:33  Scourge x3  
  149  23:34  Scourge x3  
  149  23:39  Scourge  
  147  23:45  Scourge  
  150  23:58  Scourge  
  149  24:00  Scourge  
  149  24:02  Scourge x2  
  149  24:15  Scourge x4  
  110  24:30  Scourge x3  
  110  24:31  Scourge x30  
  110  24:32  Scourge x46, Swarmling x4  
  148  24:46  Scourge x3  
  148  24:47  Scourge x3  
  148  24:49  Scourge x2  
  150  24:50  Scourge x2  
  149  24:57  Scourge x3  
  149  24:58  Scourge x18  
  148  25:07  Scourge x4  
  130  25:10  Scourge x3  
  130  25:11  Scourge x39  
Show
View Real Time Build Order
Export as new Build Order

TrucEtrange Protoss 

Build Orders:  

Get SALT Encoding   

    0:13  Probe x12 (Chrono Boost)  
    0:22  Unknown x4  
    0:26  Probe (Chrono Boost)  
  13  0:35  Probe (Chrono Boost)  
  14  0:45  Probe (Chrono Boost)  
  15  0:56  Pylon  
  15  0:57  Probe (Chrono Boost)  
  16  1:07  Probe (Chrono Boost)  
  17  1:17  Probe (Chrono Boost)  
  18  1:21  Assimilator  
  18  1:26  Probe (Chrono Boost)  
  19  1:32  Assimilator  
  19  1:36  Probe (Chrono Boost)  
  20  1:46  Probe (Chrono Boost)  
  21  1:55  Probe (Chrono Boost)  
  22  2:05  Probe (Chrono Boost)  
  23  2:18  Gateway  
  23  2:23  Pylon  
  23  2:24  Probe (Chrono Boost)  
  24  2:33  Pylon  
  24  2:34  Probe (Chrono Boost)  
  25  2:46  Probe (Chrono Boost)  
  26  2:57  Solar Efficiency Level 1  
  26  3:00  Forge  
  26  3:24  Cybernetics Core, Sentinel  
  26  3:26  Protoss Ground Weapons Level 1  
  29  3:43  Probe (Chrono Boost)  
  29  4:23  Twilight Council  
  29  4:26  Robotics Facility  
  29  4:28  Sentinel  
  29  4:29  Robotics Facility  
  31  4:41  Pylon  
  31  5:01  Energizer  
  33  5:13  Solar Efficiency Level 2  
  31  6:11  Protoss Ground Weapons Level 2  
  31  6:19  Nexus  
  31  6:22  Assimilator  
  31  6:26  Assimilator  
  31  6:29  Probe (Chrono Boost)  
  33  6:44  Probe (Chrono Boost), Robotics Bay  
  33  6:59  Probe (Chrono Boost)  
  34  7:01  Solar Flare  
  35  7:13  Probe (Chrono Boost)  
  35  7:22  Solar Efficiency Level 3  
  35  7:28  Probe (Chrono Boost)  
  37  7:42  Protoss Ground Weapons Level 3  
  37  7:43  Probe (Chrono Boost)  
  37  7:58  Probe (Chrono Boost)  
  38  8:02  Probe (Chrono Boost)  
  38  8:06  Shadow Cannon  
  40  8:12  Probe x2 (Chrono Boost)  
  41  8:21  Probe (Chrono Boost)  
  41  8:27  Probe (Chrono Boost)  
  43  8:31  Probe (Chrono Boost)  
  43  8:37  Rapid Recharging  
  45  8:42  Probe (Chrono Boost)  
  45  8:44  Probe (Chrono Boost)  
  46  8:57  Probe (Chrono Boost)  
  46  8:59  Probe (Chrono Boost)  
  50  9:11  Probe (Chrono Boost)  
  50  9:14  Probe (Chrono Boost)  
  50  9:21  Immortal  
  50  9:24  Immortal  
  50  9:26  Sentinel  
  50  9:33  Sentinel  
  52  9:50  Gateway x2  
  52  9:54  Robotics Facility  
  52  10:05  Advanced Repair Systems  
  62  10:17  Immortal  
  62  10:18  Sentinel  
  62  10:22  Pylon x2  
  62  10:23  Pylon  
  62  10:24  Pylon  
  68  10:36  Immortal  
  72  10:51  Sentinel  
  74  11:01  Protoss Ground Armor Level 1  
  74  11:05  Immortal  
  78  11:24  Sentinel, Immortal  
  80  11:35  Unknown  
  82  11:53  Immortal  
  82  12:09  Probe x2 (Chrono Boost)  
  88  12:15  Observer  
  91  12:23  Probe (Chrono Boost)  
  91  12:24  Probe (Chrono Boost)  
  90  12:38  Probe (Chrono Boost)  
  90  12:39  Probe (Chrono Boost)  
  93  12:53  Probe (Chrono Boost)  
  93  12:54  Probe (Chrono Boost)  
  92  13:08  Probe x2 (Chrono Boost), Immortal  
  92  13:14  Immortal  
  94  13:24  Probe (Chrono Boost)  
  94  13:25  Probe (Chrono Boost)  
  93  13:51  Probe (Chrono Boost)  
  93  13:57  Nexus  
  84  14:15  Immortal x2  
  84  14:16  Probe (Chrono Boost)  
  84  14:21  Pylon  
  84  14:24  Pylon  
  84  14:25  Pylon  
  84  14:28  Pylon  
  84  14:29  Probe (Chrono Boost), Pylon  
  95  14:44  Probe (Chrono Boost)  
  95  14:59  Probe (Chrono Boost)  
  96  15:03  Immortal x2  
  96  15:18  Pylon, Protoss Ground Armor Level 2  
  96  15:19  Pylon  
  104  15:21  Pylon  
  104  15:22  Pylon  
  102  15:50  Immortal x2  
  110  16:38  Immortal x2  
  118  17:26  Immortal x2  
  118  17:39  Immortal x2  
  126  17:48  Immortal x2  
  126  18:29  Immortal  
  130  18:33  Observer  
  135  18:59  Observer  
  135  19:09  Protoss Ground Armor Level 3  
  132  19:20  Observer  
  132  19:21  Immortal  
  137  19:43  Immortal  
  137  20:09  Immortal  
  136  20:31  Immortal  
  136  20:57  Robotics Facility, Immortal  
  120  21:00  Robotics Facility  
  120  21:02  Robotics Facility  
  120  21:06  Robotics Facility  
  120  21:08  Robotics Facility  
  108  21:19  Immortal  
  112  21:37  Immortal  
  112  21:39  Immortal x2  
  112  21:40  Immortal  
  112  21:41  Immortal  
  112  21:43  Immortal  
  112  21:44  Immortal  
  112  21:46  Immortal  
  112  21:49  Immortal x3  
  107  21:51  Immortal  
  107  21:52  Immortal  
  107  21:53  Immortal  
  163  23:45  Immortal  
  163  23:55  Immortal  
  163  24:05  Immortal  
  163  24:07  Immortal  
  163  24:14  Immortal x2  
  163  24:15  Immortal  
  158  24:33  Immortal  
Tags
 
Commander
KaraxZagara
Matchup
Co-op
Add a new tag
Caveats
  • Supply blocks, unpowered buildings, or Contaminate may cause inaccurate times.
  • Supply counts are checked every 10 seconds.